cohdb
Replays
Latest Replays
All Replays
Popular Replays
Top Player Replays
Match Explorer
How It Works
Community
CoH3 Stats
Reddit
Sign in to upload your games and track your stats! →
Sign in with Steam
Match 40302059
Unlisted
Match 40302059
Overview
Messages
Build Orders
End
Construct Infanterie Kompanie
MG 42 Machine Gun Team
MG 42 Machine Gun Team
Selects Terror Battlegroup
Selects Machine Gun Camouflage
Grenadier Squad
GrW 34 Mortar Team
GrW 34 Mortar Team
Construct Luftwaffe Kompanie
Medical Station
Jäger Squad
Construct Panzergrenadier Kompanie
Support Elements
StuG III G Assault Gun
Jäger Squad
StuG III G Assault Gun
Nebelwerfer 42 Rocket Launcher Team
Pak 40 Anti-tank Gun Team
Selects Defend the Fatherland
Pak 40 Anti-tank Gun Team
Selects Contempt for the Weak
Selects Propaganda Leaflet Drop
Construct Panzer Kompanie
Selects V1 Rocket Strike
V1 Rocket Strike
Propaganda Leaflet Drop
Panzer IV Medium Tank
Panzer IV Medium Tank
Propaganda Leaflet Drop
V1 Rocket Strike
Panzer IV Medium Tank
Acelguita
grumbly
Krifuji Nagisa
Turtleboy
Paranoiac
Kogashiwasu
Ritchiey
alicece2
0
0
Comments
sign in to comment!
No comments posted yet!